Selects Airborne Battlegroup
Selects Heavy Machine Gun Paradrop
Heavy Machine Gun Paradrop
Heavy Machine Gun Paradrop
Mechanized Support Center
Heavy Machine Gun Paradrop
Selects Paratrooper Squad Paradrop
Paratrooper Squad Paradrop
Paratrooper Squad Paradrop
Construct Weapon Support Center
Selects Anti-tank Gun Team Paradrop
Anti-tank Gun Team Paradrop
Designate Forward Repair Station
M18 Hellcat Tank Destroyer
Paratrooper Squad Paradrop
Selects Carpet Bombing Run
M4A1(76) Sherman Medium Tank